 Dungeon Crawl Stone Soup version 0.27.0-1-g7a089689b8 (webtiles) character file.

Game seed: 12090367549869510884

7545 freelancePsychic the Fighter (level 10, -2/89 HPs)
             Began as a Demonspawn Gladiator on Aug 7, 2021.
             Was a High Priest of Ru.
             Shot with an arrow by a centaur warrior (17 damage)
             ... on level 11 of the Dungeon.
             The game lasted 00:17:33 (10483 turns).

freelancePsychic the Fighter (DsGl)                Turns: 10483, Time: 00:17:34

Health: -2/89      AC: 14    Str: 19    XL:     10   Next: 96%
Magic:  10/10      EV: 10    Int:  9    God:    Ru [*****.]
Gold:   356        SH:  5    Dex: 14    Spells: 9/9 levels left

rFire    + . .     SeeInvis .   s - +4 rapier of the World {freeze, rF+}
rCold    + . .     Faith    .   (no shield)
rNeg     + . .     Spirit   .   G - +0 plate armour
rPois    .         Reflect  +   (helmet restricted)
rElec    .         Harm     .   (no cloak)
rCorr    .         Rampage  .   b - +1 pair of gloves of Least Resistance {rN+}
Will     .....                  (no boots)
Stlth    ..........             x - amulet of reflection
HPRegen  0.24/turn              k - ring of protection from cold
MPRegen  0.12/turn              z - +4 ring of evasion

@: exhausted
A: horns 1, powered by pain 1, spiny 1, hated by all, inability to train
dodging, weak-willed 1
a: Renounce Religion, Draw Out Power, Power Leap, Apocalypse


You were on level 11 of the Dungeon.
You worshipped Ru.
Ru was extremely pleased with you.
You visited 1 branch of the dungeon, and saw 11 of its levels.
You also visited: Ossuary.

You collected 406 gold pieces.
You spent 50 gold pieces at shops.

Inventory:

Hand Weapons
 l - a +3 short sword
 s - the +4 rapier of the World (weapon) {freeze, rF+}
   (You found it on level 4 of the Dungeon)

   It freezes those it strikes, dealing additional cold damage.
   It can also slow down cold-blooded creatures.
   rF:        It protects you from fire.
 u - a +1 dagger of venom
Missiles
 d - 3 throwing nets (quivered)
 m - 7 boomerangs
Armour
 b - the +1 pair of gloves of Least Resistance (worn) {rN+}
   (You found it on level 7 of the Dungeon)

   rN:        It protects you from negative energy.
 y - a +0 tower shield
 G - a +0 plate armour (worn)
 H - a +0 scale mail
Jewellery
 j - an amulet of guardian spirit
 k - a ring of protection from cold (left hand)
 x - an amulet of reflection (around neck)
 z - a +4 ring of evasion (right hand)
 A - a ring of protection from cold
 J - a ring of protection from cold
Wands
 F - a wand of flame (13)
 L - a wand of paralysis (6)
Scrolls
 c - 5 scrolls of enchant armour
 g - 5 scrolls of fog
 i - a scroll of fear
 p - 2 scrolls of enchant weapon
 q - 4 scrolls of magic mapping
 r - 6 scrolls of teleportation {@r4}
 w - 7 scrolls of amnesia
 I - a scroll of immolation
 M - 4 scrolls of identify {@r1}
Potions
 a - 2 potions of might
 e - a potion of magic
 f - 2 potions of attraction
 h - 9 potions of curing {unknown}
 n - a potion of cancellation {unknown}
 o - 2 potions of ambrosia {unknown}
 t - 3 potions of heal wounds {unknown}
 v - 2 potions of brilliance {unknown}
 B - 3 potions of haste {unknown}
 C - 6 potions of degeneration {unknown}
 D - a potion of mutation {unknown}
 E - 2 potions of lignification {unknown}
 K - a potion of flight {unknown}


   Skills:
 + Level 11.9 Fighting
 - Level 10.0 Short Blades
 - Level 1.7 Throwing
 + Level 5.2 Armour


You had 9 spell levels left.
You didn't know any spells.
Your spell library contained the following spells:

 Spells                   Type           Power      Damage    Failure   Level
 Pain                     Necr           0%         1d4       100%        1
 Portal Projectile        Hex/Tloc       0%         N/A       100%        3
 Airstrike                Air            0%         N/A       100%        4
 Leda's Liquefaction      Hex/Erth       0%         N/A       100%        4
 Petrify                  Tmut/Erth      0%         N/A       100%        4
 Lightning Bolt           Conj/Air       0%         1d11      100%        5
 Metabolic Englaciation   Hex/Ice        0%         N/A       100%        5
 Statue Form              Tmut/Erth      0%         N/A       100%        6
 Call Canine Familiar     Summ           Unusable   N/A       N/A         3
 Summon Lightning Spire   Summ/Air       Unusable   N/A       N/A         4
 Summon Forest            Summ/Tloc      Unusable   N/A       N/A         5
 Shadow Creatures         Summ           Unusable   N/A       N/A         6

Dungeon Overview and Level Annotations

Branches:
Dungeon (11/15)              Lair (0/6) D:9         Ossuary (visited)
 Temple: D:4-7          Orc: D:9-12

Altars:
Dithmenos
Ru
Xom

Shops:
D:2 *   D:6 *

Annotations:
D:4 exclusion: downstairs


Innate Abilities, Weirdness & Mutations

You have a pair of small horns on your head.
You sometimes gain a little power by taking damage.
You are partially covered in sharp spines.
You are hated by all.
You cannot train Dodging skill.
You are slightly weak-willed. (Will-)


Message History

Okay, then.
You're too exhausted to draw out your power.
Unknown command.
As you read the scroll of fear, it crumbles to dust.
You assume a fearsome visage.
The orc knight looks frightened!
The tengu conjurer looks frightened!
The centaur warrior looks frightened!
A rakshasa comes into view. It is wielding a +0 trident.
The tengu conjurer mumbles some strange words.
The tengu conjurer blinks!
The centaur warrior cries, "Mercy!"; The orc knight yells at you, "GO AWAY!"
The tengu conjurer tries to recover its lost courage.
The tengu conjurer gestures wildly while chanting.
The tengu conjurer blinks!
The tengu conjurer howls in fear.
The tengu conjurer casts a spell.
The tengu conjurer blinks!
The rakshasa begins to attack, but is stunned by your conviction!
The tengu conjurer mumbles some strange words.
The tengu conjurer blinks!
The rakshasa weaves an illusion.
The centaur warrior shimmers and seems to become two!
A centaur warrior comes into view.
The centaur warrior shouts!
The centaur warrior wields a +0 shortbow.
The centaur warrior shoots an arrow.
The arrow hits you!
* * * LOW HITPOINT WARNING * * *
Found a knobbly brass ring.
What are your orders? t - Shout!
Orders for allies: a - Attack new target. r - Retreat! s - Stop attacking. g - Guard the area. f - Follow me.
Anything else - Cancel.
Retreat in which direction?
Press: ? - help, Dir - move target, f - you
Okay, then.
As you read the scroll of fog, it crumbles to dust.
The scroll dissolves into smoke.
The centaur warrior shoots an arrow.
The arrow hits you!
You die...

#....................
#............c#.####.
#...........#.#.#
#######........<.#...###
................#.......
#.#####.......#.<.......
#.####..###.#.#.§.§..###
#............<.§§§.....=
#######>......##@#.#.##
...............§§§...#
..#.####.#####.#§#.#.#
#.# #.......# #.#
#...#.#.#
#.#####...#.#.#
#.........#.#.#
########cc#.#.#
#...R..#.#


You could see a centaur warrior.

Vanquished Creatures
  A catoblepas (D:11)
  3 trolls
  A slime creature (D:8)
  A meliai zombie (D:10)
  4 yaks
  A vampire mosquito (D:5)
  2 steam dragons (D:8)
  Grum (D:11)
  2 water moccasins (D:8)
  6 orc warriors
  3 black bears
  2 necrophages
  2 ogres
  4 wolves (D:11)
  A centaur (D:9)
  A phantom (D:6)
  7 elf zombies (Ossuary)
  3 kobold brigands
  2 bullfrogs
  A wyvern zombie (D:9)
  4 scorpions
  A wyvern skeleton (D:6)
  A water moccasin skeleton (D:5)
  6 killer bees (D:8)
  5 howler monkeys
  A bullfrog zombie (D:6)
  2 human zombies (Ossuary)
  8 centaur zombies
  8 jellies
  2 hounds
  9 orc priests
  9 orc wizards
  3 mummies (Ossuary)
  A howler monkey zombie (D:6)
  6 adders
  3 shadow imps
  An ufetubus (D:5)
  23 orcs
  6 ball pythons
  14 endoplasms
  2 giant cockroaches (D:2)
  3 hobgoblins
  4 jackals
  7 quokkas
  7 bats
  3 frilled lizards
  4 goblins
  16 kobolds
  3 rats
210 creatures vanquished.

Vanquished Creatures (others)
  2 orc wizards (D:9)
  7 fungi (D:8)
9 creatures vanquished.

Grand Total: 219 creatures vanquished

Notes
Turn   | Place    | Note
-------+----------+-------------------------------------------
     0 | D:1      | freelancePsychic the Demonspawn Gladiator began the quest
                  | for the Orb.
     0 | D:1      | Reached XP level 1. HP: 16/16 MP: 1/1
   250 | D:1      | Gained mutation: You are partially covered in sharp spines.
                  | [demonic ancestry]
   250 | D:1      | Reached XP level 2. HP: 23/23 MP: 2/2
   431 | D:1      | You fall into a shaft and drop 1 floor!
   447 | D:2      | Reached XP level 3. HP: 28/28 MP: 3/3
   504 | D:2      | Reached skill level 3 in Fighting
   737 | D:2      | Found Siobiuci's Assorted Antiques.
   743 | D:2      | Bought a scroll labelled YPOC NUTRERU for 25 gold pieces
   743 | D:2      | Bought a scroll labelled MUPLIC LIAW for 25 gold pieces
   822 | D:2      | Found a shimmering altar of Xom.
  1069 | D:3      | Noticed a black bear
  1113 | D:3      | Reached XP level 4. HP: 35/35 MP: 4/4
  1293 | D:4      | Identified the +4 rapier of the World {freeze, rF+}
  1790 | D:4      | Found a sacrificial altar of Ru.
  1841 | D:4      | Became a worshipper of Ru the Awakened
  1860 | D:4      | Gained mutation: You have a pair of small horns on your
                  | head. [demonic ancestry]
  1860 | D:4      | Reached XP level 5. HP: 40/42 MP: 5/5
  1871 | D:4      | Noticed a necrophage
  1873 | D:4      | Reached skill level 4 in Fighting
  1882 | D:4      | Killed a necrophage
  1933 | D:4      | Reached XP level 6. HP: 38/49 MP: 4/6
  2375 | D:5      | Entered Level 5 of the Dungeon
  2445 | D:5      | Reached skill level 5 in Fighting
  2445 | D:5      | Reached skill level 5 in Short Blades
  2676 | D:5      | Noticed a two-headed ogre
  2676 | D:5      | Noticed a vampire mosquito
  2694 | D:5      | Killed a vampire mosquito
  2695 | D:5      | Reached XP level 7. HP: 40/56 MP: 3/7
  2697 | D:5      | HP: 2/56 [two-headed ogre (22)]
  3664 | D:5      | Reached skill level 6 in Fighting
  3834 | D:6      | Found Ryrager's Gadget Gallery.
  3868 | D:6      | Gained mutation: You are hated by all. [Ru sacrifice]
  3868 | D:6      | Reached * piety under Ru
  3868 | D:6      | Reached ** piety under Ru
  4344 | D:6      | Gained mutation: You sometimes gain a little power by
                  | taking damage. [demonic ancestry]
  4344 | D:6      | Reached XP level 8. HP: 63/65 MP: 8/8
  4483 | D:6      | Reached skill level 7 in Fighting
  5335 | D:6      | Reached skill level 8 in Fighting
  5983 | D:7      | Identified the +1 pair of gloves of Least Resistance {rN+}
  6569 | D:8      | Noticed a troll
  6584 | D:8      | Killed a troll
  6585 | D:8      | Reached XP level 9. HP: 43/75 MP: 9/9
  6610 | D:8      | Reached skill level 9 in Fighting
  6645 | D:8      | Found a sand-covered staircase.
  6752 | Ossuary  | Entered an ossuary
  6978 | Ossuary  | Gained mutation: You cannot train Dodging skill. [Ru
                  | sacrifice]
  6978 | Ossuary  | Reached *** piety under Ru
  7246 | D:8      | Reached skill level 10 in Fighting
  7385 | D:8      | Reached XP level 10. HP: 69/86 MP: 10/10
  7930 | D:8      | Found a shadowy altar of Dithmenos.
  7942 | D:8      | Reached skill level 10 in Short Blades
  8201 | D:8      | Reached skill level 1 in Armour
  8467 | D:9      | Reached skill level 11 in Fighting
  8900 | D:9      | Got Sif Muna's Catalogue of Ghastly Summoning
  8901 | D:9      | Found a staircase to the Lair.
  9513 | D:10     | Entered Level 10 of the Dungeon
  9583 | D:10     | Identified the +7 spear of Fortitude {vorpal, rElec}
 10127 | D:10     | Gained mutation: You are slightly weak-willed. (Will-) [Ru
                  | sacrifice]
 10127 | D:10     | Reached **** piety under Ru
 10127 | D:10     | Reached ***** piety under Ru
 10446 | D:11     | Noticed Grum
 10449 | D:11     | Noticed a catoblepas
 10451 | D:11     | Killed Grum
 10454 | D:11     | Noticed a centaur warrior
 10456 | D:11     | Killed a catoblepas
 10457 | D:11     | Reached skill level 5 in Armour
 10458 | D:11     | Noticed a cyan ugly thing
 10458 | D:11     | Noticed an orc knight
 10461 | D:11     | Noticed a rakshasa
 10482 | D:11     | Noticed a centaur warrior
 10483 | D:11     | Shot with an arrow by a centaur warrior

Illustrated notes

Levels and vault maps discovered:
D:1:      psy_arrival_dodecagon, layout_basic,
          hellmonk_ecumenical_altar_prayer_group
D:2:      layout_rooms, serial_shops, nicolae_shop_competitors_out_of_business,
          basic_altar, kennysheep_generic_room_7
D:3:      layout_basic
D:4:      layout_basic, mainiacjoe_overflow_boulevard
D:5:      kennysheep_big_flooded_room, layout_basic,
          minmay_temple_entry_mini_moons, grunt_ministairs_11, uniq_sigmund
D:6:      layout_gridville, nicolae_shop_gadgets
D:7:      layout_loops_corners, serial_co_window_serial,
          co_window_of_opportunity_a, co_window_paths_b, co_window_paths_a,
          co_window_cross_1, co_window_paths_a, co_window_paths_a,
          co_window_paths_a, co_window_corner_ca, co_window_2corner,
          co_window_unsneaky_path_d, co_window_corner_b, co_window_paths_c,
          co_window_corner_b, glass_columns_a, glass_columns_c, glass_columns_c
D:8:      lemuel_slime, layout_rooms, marbit_many_paths, enter_ossuary_5,
          skrybe_limestone_x
D:9:      layout_irregular_city, lair_entry_dummy
D:10:     layout_loops_ring
D:11:     minmay_the_grid_four_pointed_star_mashed
          [minmay_the_grid_triangle_9x9_fully_insulated_deathbox,
          minmay_the_grid_triangle_9x9_warning,
          minmay_the_grid_triangle_9x9_swiss_cheese,
          minmay_the_grid_triangle_9x9_corruption,
          minmay_the_grid_prize_four_corners], layout_basic,
          nicolae_trove_entry_crossroad, nicolae_barding_shop, uniq_urug,
          uniq_grum

Skill      XL: |  1  2  3  4  5  6  7  8  9 10 |
---------------+-------------------------------+-----
Short Blades   | 3 4 5 6 8 9 10 | 10.0
Fighting       | 3 4 5 6 8 10 11 | 11.9
Dodging        | 0 |  0.0
Armour         | 5 |  5.2
Throwing       | |  1.7

Action                   |  1- 3 |  4- 6 |  7- 9 | 10-12 || total
-------------------------+-------+-------+-------+-------++-------
Melee: Rapier            |    39 |    58 |   331 |   153 ||   581
       Short sword       |    32 |     5 |       |       ||    37
       Headbutt          |       |     5 |    81 |    33 ||   119
Throw: Boomerang         |     1 |       |     3 |       ||     4
       Throwing net      |       |       |     5 |       ||     5
Invok: Sacrifice Love    |       |       |     1 |       ||     1
       Sacrifice Nimblen |       |       |     1 |       ||     1
       Draw Out Power    |       |       |       |     1 ||     1
       Apocalypse        |       |       |       |     1 ||     1
       Sacrifice Essence |       |       |       |     1 ||     1
Evoke: Wand              |       |       |     1 |       ||     1
  Use: Scroll            |     5 |       |     9 |     6 ||    20
 Stab: Held in net/web   |       |       |     1 |       ||     1
       Distracted        |       |       |     1 |       ||     1
       Paralysed         |       |       |       |     1 ||     1
Armor: Leather armour    |    11 |       |       |       ||    11
       Ring mail         |    21 |    23 |    22 |       ||    66
       Scale mail        |       |       |    42 |    16 ||    58
       Plate armour      |       |       |       |    24 ||    24
Dodge: Dodged            |    59 |    21 |   124 |    46 ||   250
Block: Other             |       |       |    28 |    26 ||    54
       Reflection        |       |       |       |     1 ||     1
